 Dungeon Crawl Stone Soup version 0.24.0-35-gdb84b6a5db (webtiles) character file.

Game seed: 7853705266755536438, levelgen mode: deterministic

733 FishyPogo the Shield-Bearer (level 7, 0/64 HPs)
             Began as a Minotaur Fighter on Nov 17, 2019.
             Was a Priest of Uskayaw.
             Slain by an orc wizard
             ... wielding a +0 dagger
              (2 damage)
             ... on level 5 of the Dungeon.
             The game lasted 00:09:32 (3578 turns).

FishyPogo the Shield-Bearer (Minotaur Fighter)      Turns: 3578, Time: 00:09:33

Health: 0/64       AC:  7    Str: 21    XL:     7   Next: 45%
Magic:  13/15      EV:  9    Int: 10    God:    Uskayaw [***...]
Gold:   247        SH: 10    Dex: 11    Spells: 6/6 levels left

rFire    . . .     SeeInvis .   a - +0 long sword
rCold    . . .     Gourm    +   c - +0 shield
rNeg     + . .     Faith    .   b - +0 scale mail
rPois    .         Spirit   .   (helmet restricted)
rElec    .         Reflect  .   E - scarf {cloud immunity}
rCorr    .         Harm     .   (no gloves)
MR       .....                  (no boots)
Stlth    ..........             h - amulet of the gourmand
HPRegen  0.20/turn              p - ring of positive energy
MPRegen  0.14/turn              s - ring of magical power

@: brilliant
A: retaliatory headbutt, horns 2
a: Stomp, Line Pass, Renounce Religion


You were on level 5 of the Dungeon.
You worshipped Uskayaw.
Uskayaw was noncommittal.
You were very full.

You visited 1 branch of the dungeon, and saw 5 of its levels.

You collected 247 gold pieces.

Inventory:

Hand Weapons
 a - a +0 long sword (weapon)
Missiles
 g - 104 stones (quivered)
 D - 13 poisoned darts
Armour
 b - a +0 scale mail (worn)
 c - a +0 shield (worn)
 C - a +0 cloak
 E - a scarf of cloud immunity (worn)
Jewellery
 h - an amulet of the gourmand (around neck)
 p - a ring of positive energy (left hand)
 s - a ring of magical power (right hand)
 y - an uncursed ring of ice {unknown}
Wands
 r - a wand of flame (17)
Scrolls
 k - a scroll of random uselessness
 m - 6 scrolls of teleportation
 n - a scroll of magic mapping {unknown}
 o - a scroll of enchant armour {unknown}
 u - a scroll of fear {unknown}
 v - a scroll of identify {unknown}
 w - a scroll of remove curse
 A - a scroll of blinking
Potions
 d - a potion of might
 e - a potion of heal wounds {unknown}
 i - 2 potions of degeneration {unknown}
 j - 3 potions of flight {unknown}
 l - a potion of haste {unknown}
 t - a potion of magic {unknown}
 x - 2 potions of curing {unknown}
 z - 2 potions of mutation {unknown}
 B - a potion of agility {unknown}
Comestibles
 f - 5 rations


   Skills:
 * Level 6.4 Fighting
 - Level 3.0 Long Blades
 + Level 2.2 Throwing
 + Level 5.1 Armour
 + Level 3.0 Dodging
 * Level 6.6 Shields


You had 6 spell levels left.
You didn't know any spells.
Your spell library contained the following spells:

 Spells                   Type           Power        Failure   Level  Hunger
 Beastly Appendage        Tmut           #.....       28%         1    ##.....
 Sandblast                Erth           #.....       28%         1    ##.....
 Passwall                 Tmut/Erth      #.......     38%         2    ###....
 Sticks to Snakes         Tmut           #.......     38%         2    ###....
 Spider Form              Tmut/Pois      #.........   58%         3    ####...
 Stone Arrow              Conj/Erth      #.....       58%         3    ####...
 Ice Form                 Ice/Tmut       #.......     89%         4    #####..
 Petrify                  Tmut/Erth      #.......     89%         4    #####..
 Blade Hands              Tmut           #.........   99%         5    ######.
 Lee's Rapid Deconstruct  Erth           #.........   99%         5    ######.


Dungeon Overview and Level Annotations

Branches:
Dungeon (5/15)             Temple (0/1) D:4

Altars:
Uskayaw


Innate Abilities, Weirdness & Mutations

You reflexively headbutt those who attack you in melee.
You have a pair of horns on your head.


Message History

The leopard gecko is almost dead.
The leopard gecko bites you but does no damage.
You hear some strange, mumbled words.
A magic dart appears from out of thin air!
The magic dart hits you.
* * * LOW HITPOINT WARNING * * *
You block the leopard gecko's attack.
You hit the leopard gecko.
You kill the leopard gecko!
Something hits you but does no damage.
Unknown command.
You miss something. You headbutt something. Something hits you.
* * * LOW HITPOINT WARNING * * *
Unknown command.
It was a potion of brilliance.
You feel clever all of a sudden. Something hits you but does no damage.
You completely miss something. Your headbutt misses something.
Something hits you but does no damage. Something hits you.
You die...

#.# ### #.# ##.## #.#
#...### #............
#.##
##.....###............
#####..#
##.####...#............
.......###.##
#..##............
...........#
#..#.............
......##..##
#.)#.............
....#######
#@)#............. ...##
#{)#.....<....... ...#
#####..(.............
...##
....................#
....#
######.<.......$....#
##.## #....#..........
#..# #..####.......##
..## #..## ###.....#
..# .... ###...


There were no monsters in sight!

Vanquished Creatures
  A sky beast (D:4)
  An ogre (D:4)
  A bullfrog (D:4)
  A crimson imp (D:5)
  3 orc priests
  4 orc wizards
  2 worker ants
  Robin (D:3)
  5 adders
  A shadow imp (D:5)
  An ooze (D:3)
  4 worms
  3 dart slugs
  6 leopard geckos
  17 orcs
  10 bats
  4 giant cockroaches
  7 goblins
  9 hobgoblins
  9 jackals
  7 kobolds
  A quokka (D:3)
  5 ball pythons
  6 frilled lizards
  A quokka skeleton (D:5)
  10 rats
120 creatures vanquished.

Notes
Turn   | Place    | Note
-------+----------+-------------------------------------------
     0 | D:1      | FishyPogo the Minotaur Fighter began the quest for the Orb.
     0 | D:1      | Reached XP level 1. HP: 19/19 MP: 0/0
    93 | D:1      | Reached XP level 2. HP: 24/27 MP: 1/1
   313 | D:1      | Reached XP level 3. HP: 29/33 MP: 2/2
  1112 | D:2      | Reached skill level 1 in Dodging
  1209 | D:2      | Reached XP level 4. HP: 38/41 MP: 3/3
  1748 | D:3      | Found a faded altar of an unknown god.
  1771 | D:3      | Became a worshipper of Uskayaw the Reveler
  1771 | D:3      | Reached * piety under Uskayaw
  1946 | D:3      | Reached XP level 5. HP: 44/47 MP: 4/4
  1946 | D:3      | Reached skill level 5 in Shields
  1946 | D:3      | Reached ** piety under Uskayaw
  1950 | D:3      | Reached skill level 5 in Fighting
  1976 | D:3      | Noticed Robin
  1985 | D:3      | Killed Robin
  1988 | D:3      | Reached *** piety under Uskayaw
  2429 | D:4      | Noticed an ogre
  2432 | D:4      | Found a staircase to the Ecumenical Temple.
  2623 | D:4      | Noticed a sky beast
  2643 | D:4      | Killed a sky beast
  2643 | D:4      | Reached skill level 1 in Throwing
  2643 | D:4      | Reached XP level 6. HP: 32/56 MP: 5/5
  2706 | D:4      | Reached **** piety under Uskayaw
  2887 | D:4      | Reached XP level 7. HP: 13/63 MP: 6/6
  3263 | D:5      | Entered Level 5 of the Dungeon
  3422 | D:5      | Reached skill level 5 in Armour
  3576 | D:5      | HP: 1/64 [something (3)]
  3578 | D:5      | Slain by an orc wizard

Levels and vault maps discovered:
D:1:      dpeg_arrival_erosion, layout_basic
D:2:      layout_basic, first_ration, grunt_ministairs_9
D:3:      layout_loops_corners, chequers_ecumenical_altar_island,
          serial_park_tiny_2, uniq_robin
D:4:      layout_basic, minmay_temple_entry_butterflies,
          hangedman_decor_peaks_small
D:5:      layout_layer_cave

Skill      XL: |  1  2  3  4  5  6  7 |
---------------+----------------------+-----
Shields        | 4 5 6 |  6.6
Fighting       | 4 5 6 |  6.4
Long Blades    | 3 |  3.0
Armour         | 4 5 |  5.1
Dodging        | 1 2 3 |  3.0
Throwing       | 1 2 |  2.2

Action                   |  1- 3 |  4- 6 |  7- 9 || total
-------------------------+-------+-------+-------++-------
Melee: Long sword        |   116 |   158 |    51 ||   325
       Headbutt          |    16 |    29 |    10 ||    55
Throw: Stone             |       |    11 |       ||    11
Invok: Stomp             |       |       |     1 ||     1
  Use: Scroll            |       |       |     6 ||     6
       Potion            |       |       |     1 ||     1
 Stab: Paralysed         |       |     3 |       ||     3
  Eat: Chunk             |    18 |     6 |     1 ||    25
Armor: Scale mail        |    75 |    68 |    34 ||   177
Dodge: Dodged            |    67 |    42 |    18 ||   127
Block: Shield            |    72 |    81 |    36 ||   189
       Rpst.: Long sword |    21 |     9 |     4 ||    34
